 Dungeon Crawl Stone Soup version 0.22.1-2-g9c5b331 (webtiles) character file.

2916 MalarOregon the Spear-Bearer (level 9, -2/66 HPs)
             Began as a Merfolk Arcane Marksman on Nov 18, 2018.
             Was a Priest of Nemelex Xobeh.
             Killed by a card of wild magic (16 damage)
             ... on level 8 of the Dungeon.
             The game lasted 00:24:12 (8081 turns).

MalarOregon the Spear-Bearer (MfAM)                 Turns: 8081, Time: 00:24:12

Health: -2/66      AC:  5    Str: 10    XL:     9   Next: 79%
Magic:  5/14       EV: 15    Int: 16    God:    Nemelex Xobeh [***...]
Gold:   399        SH:  0    Dex: 14    Spells: 9/15 levels left

rFire    . . .     SeeInvis .   j - +0 spear
rCold    . . .     Gourm    .   (no shield)
rNeg     . . .     Faith    .   n - +2 leather armour
rPois    .         Spirit   .   (no helmet)
rElec    .         Reflect  .   (no cloak)
rCorr    .         Harm     .   (no gloves)
MR       .....                  (no boots)
Stlth    +.........             i - amulet of regeneration
HPRegen  0.61/turn              (no ring)
MPRegen  0.14/turn              (no ring)

@: very slightly contaminated
A: change form in water, swift swim, stealthy swim
a: Triple Draw, Renounce Religion


You were on level 8 of the Dungeon.
You worshipped Nemelex Xobeh.
Nemelex Xobeh was most pleased with you.
You were very hungry.

You visited 2 branches of the dungeon, and saw 9 of its levels.

You collected 399 gold pieces.

Inventory:

Hand Weapons
 a - a +0 halberd
   (You took it off a gnoll on level 2 of the Dungeon)
 j - a +0 spear (weapon)
   (You found it on level 1 of the Dungeon)
 G - a +0 trident
   (You took it off an orc on level 7 of the Dungeon)
Missiles
 c - 149 stones
 q - 5 curare-tipped needles {!f}
 u - 74 arrows
 y - 5 needles of confusion
 A - 36 poisoned needles
 B - 3 tomahawks (quivered)
 D - a javelin
 F - 2 throwing nets {!f}
Armour
 n - a +2 leather armour (worn)
   (You found it on level 1 of the Dungeon)
 K - a scarf of repulsion
   (You found it on level 7 of the Dungeon)
Jewellery
 i - an amulet of regeneration (around neck)
   (You found it on level 1 of the Dungeon)
 J - an uncursed ring of wizardry {unknown}
   (You found it on level 7 of the Dungeon)
Wands
 d - a wand of iceblast (14)
   (You found it on level 6 of the Dungeon)
 h - a wand of polymorph (4)
   (You took it off Grinder on level 4 of the Dungeon)
Scrolls
 b - a scroll of amnesia {unknown}
 f - a scroll of blinking
 k - 2 scrolls of magic mapping
 r - a scroll of teleportation {@r4}
 s - 7 scrolls of identify {@r1}
 v - 2 scrolls of immolation {!r}
 x - a scroll of random uselessness {unknown}
 E - a scroll of remove curse {@r2}
Potions
 l - 2 potions of haste {@q3}
 m - a potion of mutation {!q}
 o - 4 potions of agility
 p - 2 potions of magic
 w - 3 potions of lignification {!q}
 z - 2 potions of curing {unknown}
Miscellaneous
 t - an ornate deck of summoning {drawn: 2}
   (Nemelex Xobeh gifted it to you on level 6 of the Dungeon)
 H - a plain deck of escape {drawn: 1}
   (Nemelex Xobeh gifted it to you on level 7 of the Dungeon)
 I - an ornate deck of summoning
   (Nemelex Xobeh gifted it to you on level 7 of the Dungeon)
Comestibles
 e - 13 rations {!d}


   Skills:
 + Level 4.5 Fighting
 * Level 8.3 Polearms
 + Level 5.8 Throwing
 + Level 6.0 Dodging
 + Level 3.7 Spellcasting
 + Level 1.6 Conjurations
 - Level 4.0 Hexes
 + Level 3.5 Summonings
 + Level 1.5 Air Magic
 + Level 2.4 Poison Magic
 + Level 4.3 Invocations


You had 9 spell levels left.
You knew the following spells:

 Your Spells              Type           Power        Failure   Level  Hunger
a - Corona                Hex            ###....      4%          1    None
f - Mephitic Cloud        Conj/Pois/Air  #.......     32%         3    ###....
x - Call Imp              Summ           ##......     9%          2    ##.....

Your spell library contained the following spells:

 Spells                   Type           Power        Failure   Level  Hunger
 Confusing Touch          Hex            ###...       4%          1    None
 Summon Small Mammal      Summ           ##..         5%          1    None
 Slow                     Hex            ###.....     7%          2    ##.....
 Magic Dart               Conj           #...         12%         1    None
 Animate Skeleton         Necr           N/A          24%         1    None
 Apportation              Tloc           #.....       24%         1    None
 Inner Flame              Hex/Fire       #.......     30%         3    ###....
 Portal Projectile        Hex/Tloc       #.....       30%         3    ###....
 Blink                    Tloc           N/A          34%         2    ##.....
 Cause Fear               Hex            ###.......   41%         4    ####...
 Conjure Flame            Conj/Fire      #.......     45%         3    ###....
 Leda's Liquefaction      Hex/Erth       #.........   71%         4    ####...


Dungeon Overview and Level Annotations

Branches:
Dungeon (8/15)             Temple (1/1) D:7
   Lair: D:8-11

Altars:
Ashenzari
Cheibriados
Dithmenos
Elyvilon
Fedhas
Hepliaklqana
Kikubaaqudgha
Makhleb
Nemelex Xobeh
Okawaru
Ru
Sif Muna
Uskayaw
Vehumet
Wu Jian
Xom
Yredelemnul
Zin
The Shining One


Message History

The porcupine bites your vampire mosquito!
You hit the human. The human hits you but does no damage.
The porcupine bites your vampire mosquito.
You closely miss the human. The human barely misses you.
The porcupine completely misses your vampire mosquito.
You closely miss the human. The human hits you.
Your magical contamination has completely faded away.
You hit the human but do no damage.
The porcupine bites your vampire mosquito!
Your vampire mosquito is destroyed!
Your vampire mosquito's corpse disappears in a puff of smoke!
You hit the human.
You kill the human!
Yredelemnul welcomes your deed!
You hear a strange fizzling.
Your life force feels restored.
The porcupine barely misses your crimson imp.
Your crimson imp disappears in a puff of smoke!
Your vampire mosquito disappears in a puff of smoke!
You see here a human corpse.
You butcher the human corpse.
Things that are here:
4 chunks of flesh; a human skeleton A porcupine is nearby!
A porcupine is nearby!
You hit the porcupine.
The porcupine bites you but does no damage.
You hit the porcupine but do no damage. The porcupine closely misses you.
You hit the porcupine. The porcupine bites you!
* * * LOW HITPOINT WARNING * * *
You hit the porcupine but do no damage. The porcupine bites you!
* * * LOW HITPOINT WARNING * * *
A beastly little devil appears in a puff of flame.
The porcupine bites you!
* * * LOW HITPOINT WARNING * * *
You miscast Call Imp.
You are very lightly contaminated with residual magic.
A fistful of eyes flickers past your view.
The porcupine bites you but does no damage.
Your crimson imp blinks!
Unknown command.
You draw a card...
It is Wild Magic.
The deck of cards disappears without a trace.
The porcupine is caught in an explosion of flying shrapnel!
The explosion engulfs the porcupine.
The porcupine dies!
Your Dodging skill increases to level 6!
The explosion engulfs you!
You die...
Your body glows slightly and disappears.

...... ....... #.....
.......
######.....#.......
...........#.......
...........#.......
.>....>............
..........###......
..........#@#......
.......5..#†#......
##....§........
.#######+##.8.#§§§#.8...
..........).###...###...
.............##._.# ..
.............##...# .
###########..######
#.5####


You could see a friendly crimson imp.

Vanquished Creatures
  A hungry ghost (D:7)
  A human (D:8)
  Menkaure (D:4)
  2 water moccasins (D:7)
  An orc warrior (D:6)
  4 ogres
  A scorpion (D:6)
  2 howler monkeys
  2 crimson imps
  2 jellies
  An orc priest (D:6)
  A hound (D:5)
  3 orc wizards
  Natasha (D:4)
  4 worker ants
  A worker ant zombie (D:6)
  7 adders
  4 gnolls
  An ooze (D:2)
  A worm (D:2)
  2 dart slugs (D:1)
  6 leopard geckos
  9 orcs
  A ball python (D:1)
  4 bats
  3 giant cockroaches
  12 goblins
  5 hobgoblins
  4 jackals (D:4)
  5 kobolds
  3 quokkas
  5 frilled lizards
  7 rats
107 creatures vanquished.

Vanquished Creatures (collateral kills)
  Grinder (D:4)
  A porcupine (D:8)
  2 orc warriors (D:6)
  2 ice beasts
  A phantom (D:7)
  A bullfrog (D:6)
  A scorpion (D:7)
  4 wights (D:8)
  2 howler monkeys
  2 jellies (D:7)
  2 hounds
  3 orc priests
  6 orc wizards
  2 iguanas
  A worker ant (D:5)
  4 gnolls
  An adder (D:8)
  A shadow imp (D:7)
  17 orcs
  A hobgoblin (D:2)
  2 jackals (D:6)
  A leopard gecko zombie (D:6)
58 creatures vanquished.

Vanquished Creatures (others)
  A hippogriff (D:7)
  A porcupine (D:8)
2 creatures vanquished.

Grand Total: 167 creatures vanquished

Notes
Turn   | Place    | Note
-------+----------+-------------------------------------------
     0 | D:1      | MalarOregon the Merfolk Arcane Marksman began the quest for
                  | the Orb.
     0 | D:1      | Reached XP level 1. HP: 15/15 MP: 2/2
   143 | D:1      | Reached XP level 2. HP: 21/21 MP: 3/3
   263 | D:1      | HP: 1/21 [kobold/dagger (4)]
   341 | D:1      | HP: 1/21 [rat (2)]
   724 | D:1      | Reached XP level 3. HP: 26/26 MP: 4/4
   787 | D:1      | Found a sparkling altar of Nemelex Xobeh.
   801 | D:1      | Became a worshipper of Nemelex Xobeh the Trickster
  1178 | D:1      | Received a gift from Nemelex Xobeh
  1297 | D:2      | Reached skill level 1 in Polearms
  1475 | D:2      | Reached XP level 4. HP: 33/33 MP: 5/5
  1479 | D:2      | Reached skill level 2 in Polearms
  1826 | D:2      | Reached skill level 1 in Invocations
  2089 | D:3      | Found a faded altar of an unknown god.
  2091 | D:3      | Reached * piety under Nemelex Xobeh
  2171 | D:3      | Received a gift from Nemelex Xobeh
  2337 | D:3      | Reached XP level 5. HP: 19/38 MP: 7/7
  2756 | D:3      | Found a radiant altar of Vehumet.
  3234 | D:4      | Learned a level 2 spell: Call Imp
  3633 | D:4      | Reached skill level 3 in Polearms
  3859 | D:4      | Noticed Menkaure
  3859 | D:4      | Noticed an ogre
  3866 | D:4      | Killed an ogre
  3866 | D:4      | Reached XP level 6. HP: 45/45 MP: 8/8
  3869 | D:4      | Killed Menkaure
  3869 | D:4      | Reached skill level 1 in Summonings
  3879 | D:4      | Noticed Grinder
  3893 | D:4      | Paralysed by Grinder for 6 turns
  3912 | D:4      | Paralysed by Grinder for 7 turns
  3937 | D:4      | Reached skill level 4 in Polearms
  3937 | D:4      | Reached XP level 7. HP: 40/51 MP: 10/10
  3937 | D:4      | Paralysed by Grinder for 7 turns
  3959 | D:4      | Killed Grinder
  4042 | D:4      | Noticed Natasha
  4045 | D:4      | Killed Natasha
  4252 | D:4      | Reached skill level 5 in Polearms
  4405 | D:5      | Entered Level 5 of the Dungeon
  4571 | D:5      | Received a gift from Nemelex Xobeh
  4825 | D:5      | Reached ** piety under Nemelex Xobeh
  4863 | D:5      | Reached XP level 8. HP: 56/58 MP: 8/11
  5579 | D:6      | Reached skill level 6 in Polearms
  5589 | D:6      | Reached skill level 5 in Throwing
  5700 | D:6      | Reached skill level 5 in Dodging
  5720 | D:6      | Received a gift from Nemelex Xobeh
  5917 | D:6      | Found a shimmering altar of Xom.
  5917 | D:6      | Found a snail-covered altar of Cheibriados.
  5995 | D:6      | Learned a level 3 spell: Mephitic Cloud
  6681 | D:7      | Reached skill level 7 in Polearms
  6698 | D:7      | Reached skill level 1 in Poison Magic
  6706 | D:7      | Reached XP level 9. HP: 49/65 MP: 3/13
  7006 | D:7      | Reached skill level 1 in Conjurations
  7006 | D:7      | Reached skill level 1 in Air Magic
  7020 | D:7      | Found an ornate altar of the Wu Jian Council.
  7046 | D:7      | Found a staircase to the Ecumenical Temple.
  7213 | D:7      | Received a gift from Nemelex Xobeh
  7256 | D:7      | Found an iron altar of Okawaru.
  7402 | D:7      | Reached *** piety under Nemelex Xobeh
  7786 | D:7      | Received a gift from Nemelex Xobeh
  7841 | Temple   | Entered the Ecumenical Temple
  7975 | D:8      | Found a runed door.
  8001 | D:8      | HP: 3/66 [hippogriff (1)]
  8042 | D:8      | Reached skill level 8 in Polearms
  8054 | D:8      | Found a basalt altar of Yredelemnul.
  8081 | D:8      | Killed by a card of wild magic

Skill      XL: |  1  2  3  4  5  6  7  8  9 |
---------------+----------------------------+-----
Dodging        | 3 4 5 6 |  6.0
Polearms       | 1 2 3 4 5 7 8 |  8.3
Fighting       | 2 3 4 |  4.5
Throwing       | 3 4 5 |  5.8
Invocations    | 1 2 3 4 |  4.3
Spellcasting   | 2 3 |  3.7
Summonings     | 1 2 3 |  3.5
Hexes          | 4 |  4.0
Poison Magic   | 1 2 |  2.4
Conjurations   | 1 |  1.6
Air Magic      | 1 |  1.5

Action                   |  1- 3 |  4- 6 |  7- 9 || total
-------------------------+-------+-------+-------++-------
Melee: Unarmed           |     6 |     9 |     9 ||    24
       Short sword       |     4 |       |       ||     4
       Spear             |    19 |   129 |   551 ||   699
Throw: Javelin           |    46 |    26 |       ||    72
       Stone             |    34 |    11 |     1 ||    46
       Tomahawk          |       |    25 |    15 ||    40
 Cast: Corona            |     2 |       |     1 ||     3
       Call Imp          |       |     4 |    67 ||    71
       Mephitic Cloud    |       |       |     1 ||     1
Evoke: Deck              |       |     6 |    13 ||    19
  Use: Scroll            |       |     7 |     9 ||    16
       Potion            |       |       |     1 ||     1
 Stab: Distracted        |       |     2 |    10 ||    12
       Sleeping          |       |       |     1 ||     1
  Eat: Chunk             |     2 |     8 |    19 ||    29
Armor: Robe              |     4 |       |       ||     4
       Leather armour    |     2 |    22 |    90 ||   114
Dodge: Dodged            |    32 |   106 |   293 ||   431
